Workbook

Sheet Orçamento
A1: PREFEITURA MUNICIPAL DE ASCURRA
C2: ORÇAMENTO
A3: Obra: Construção Ginásio
A4: Área: 1.670,93 m² + 124,88 (Marquise - Área Não Computável Prefeitura)
A5: Data: JANEIRO/2026 | G5: BDI composição e Insumos= | I5: 0.22
A6: ORÇAMENTO ESTIMATIVO
A7: ÍTEM | B7: REF: | C7: COD | D7: SERVIÇO | E7: QUANT | F7: UNID | G7: R$ UNIT | H7: R$ TOTAL | I7: R$totalc/BDI | J7: %OBRA
A8: 1. | D8: Serviços Iniciais
A9: 1.1 | B9: SBC | C9: 12057 | D9: Aluguel mensal de container escritorio 6,0x2,3m wc/elet.9,20m2 | E9: 12 | F9: meses | G9: 1550 | H9: =E9*G9 -> 18600 | I9: =H9*1.22 -> 22692
A10: 1.2 | B10: SBC | C10: 12059 | D10: Aluguel mensal container almoxarifado 6,0x2,4m sem sanitario | E10: 12 | F10: meses | G10: 1200 | H10: =E10*G10 -> 14400 | I10: =H10*1.22 -> 17568
A11: 1.3 | B11: SINAPI | C11: 99059 | D11: locação da obra | E11: 164.74 | F11: m | G11: 96.27 | H11: =E11*G11 -> 15859.52 | I11: =H11*1.22 -> 19348.614
A12: 1.4 | B12: SINAPI | C12: 4813 | D12: Placa da obra | E12: 2.88 | F12: m² | G12: 400 | H12: =E12*G12 -> 1152 | I12: =H12*1.22 -> 1405.44
A13: 1.5 | B13: SINAPI | C13: 90777 | D13: Engenheiro civil de obra - Junior c/ encargos | E13: 384 | F13: H | G13: 130.6 | H13: =E13*G13 -> 50150.4 | I13: =H13*1.22 -> 61183.488
D14: Total do item 1 | H14: =SUM(H9:H13) -> 100161.92 | I14: =SUM(I9:I13) -> 122197.54 | J14: =I14/$I$228 -> 0.03236594
A16: 2. | D16: Infraestrutura
A17: 2.1 | B17: ORÇAMENTO | C17: MÉDIA | D17: Estrutura galpão pre fabricado (incluso blocos da fundação, arquibancada, cobertura completa, fechamentos laterais, descida pluvial, aterramento, lajes alveolares, calhas, lanternim) | E17: 1 | F17: un | G17: 1781048.5 | H17: =E17*G17 -> 1781048.5 | I17: =H17*1.22 -> 2172879.1
A18: 2.2 | B18: SINAPI | C18: 100651 | D18: Estaca Hélice Contínua - Ø30 - Profundidade 10 m X27 X 2 | E18: 540 | F18: m | G18: 158.75 | H18: =E18*G18 -> 85725 | I18: =H18*1.22 -> 104584.5
A19: 2.3 | B19: SINAPI | C19: 96525 | D19: Escavações mecânicas | E19: 10 | F19: m³ | G19: 63.65 | H19: =E19*G19 -> 636.5 | I19: =H19*1.22 -> 776.53
A20: 2.4 | B20: SINAPI | C20: 95601 | D20: Arrasamento das estacas | E20: 54 | F20: un | G20: 21.11 | H20: =E20*G20 -> 1139.94 | I20: =H20*1.22 -> 1390.7268
A21: 2.5 | B21: SINAPI | C21: 96557 | D21: Vigas Baldrame | E21: 26.29 | F21: m³ | G21: 825.64 | H21: =E21*G21 -> 21706.076 | I21: =H21*1.22 -> 26481.412
A22: 2.6 | B22: SINAPI | C22: 96533 | D22: forma de madeira | E22: 332.59 | F22: m² | G22: 102.23 | H22: =E22*G22 -> 34000.676 | I22: =H22*1.22 -> 41480.824
A23: 2.7 | B23: SINAPI | C23: 104920 | D23: aço | E23: 1655.8 | F23: kg | G23: 11.22 | H23: =E23*G23 -> 18578.076 | I23: =H23*1.22 -> 22665.253
A24: 2.8 | B24: SINAPI | C24: 96557 | D24: concreto | E24: 66.29 | F24: m³ | G24: 825.64 | H24: =E24*G24 -> 54731.676 | I24: =H24*1.22 -> 66772.644
A25: 2.9 | B25: SINAPI | C25: 98547 | D25: Impermeabilização de baldrame | E25: 262.9 | F25: m | G25: 220.73 | H25: =E25*G25 -> 58029.917 | I25: =H25*1.22 -> 70796.499
A26: 2.10 | B26: SINAPI | C26: 103674 | D26: laje | E26: 25.22 | F26: m² | G26: 774.39 | H26: =E26*G26 -> 19530.116 | I26: =H26*1.22 -> 23826.741
A27: 2.11 | B27: SINAPI | C27: 105029 | D27: Vergas e contraverga | E27: 10.89 | F27: m | G27: 67.59 | H27: =E27*G27 -> 736.0551 | I27: =H27*1.22 -> 897.98722
A28: 2.12 | B28: SBC | C28: 31009 | D28: Mobilização/retirada equipamento/moldagem estacas "in loco" | E28: 1 | F28: un | G28: 11671.33 | H28: =E28*G28 -> 11671.33 | I28: =H28*1.22 -> 14239.023
... A30: 2.14 | B30: SBC | C30: 31431 | D30: Arrasamento mecanico de estaca concreto armado | E30: 54 | F30: un | G30: 34.55 | H30: =E30*G30 -> 1865.7 | I30: =H30*1.22 -> 2276.154
D31: Total do item 2 | H31: =SUM(H17:H30) -> 2093477.7 | I31: =SUM(I17:I30) -> 2554042.7 | J31: =I31/$I$228 -> 0.67647838
A33: 3. | D33: Paredes Interna e Paíneis
A34: 3.1 | B34: SINAPI | C34: 103318 | D34: Parede de alvenaria (tijolo 6 furos) | E34: 267 | F34: m² | G34: 117.81 | H34: =E34*G34 -> 31455.27 | I34: =H34*1.22 -> 38375.429
A35: 3.2 | B35: SINAPI | C35: 102253 | D35: Placa de granito | E35: 58.62 | F35: m² | G35: 1031.29 | H35: =E35*G35 -> 60454.22 | I35: =H35*1.22 -> 73754.148
A36: 3.3 | B36: SINAPI | C36: 102235 | D36: Divisória de vidros lisos fixos - Banheiros | E36: 23 | F36: m² | G36: 412.69 | H36: =E36*G36 -> 9491.87 | I36: =H36*1.22 -> 11580.081
A37: 3.4 | B37: ORÇAMENTO | C37: MÉDIA | D37: Divisória de vidros lisos fixos - 20 mm - Quadra + Estúdio | E37: 56.3 | F37: m² | G37: 1314.29 | H37: 77990 | I37: =H37*1.22 -> 95147.8
D38: Total ítem 3 | H38: =SUM(H34:H37) -> 179391.36 | I38: =SUM(I34:I37) -> 218857.46 | J38: =I38/$I$228 -> 0.057967839
A40: 4. | D40: Revestimentos Interno e Externo
A41: 4.1 | B41: SINAPI | C41: 87878 | D41: Chapisco aplicado em alvenaria | E41: 534 | F41: m² | G41: 5.98 | H41: =E41*G41 -> 3193.32 | I41: =H41*1.22 -> 3895.8504
A42: 4.2 | B42: SINAPI | C42: 87547 | D42: Massa única para recebimento de pintura | E42: 534 | F42: m³ | G42: 31.63 | H42: =E42*G42 -> 16890.42 | I42: =H42*1.22 -> 20606.312
A43: 4.3 | B43: SINAPI | C43: 87275 | D43: Azulejo | E43: 370.92 | F43: m² | G43: 75.71 | H43: =E43*G43 -> 28082.353 | I43: =H43*1.22 -> 34260.471
A44: 4.4 | B44: SINAPI | C44: 98689 | D44: Soleira em granito | E44: 13 | F44: m | G44: 127.99 | H44: =E44*G44 -> 1663.87 | I44: =H44*1.22 -> 2029.9214
A45: 4.5 | B45: SINAPI | C45: 101965 | D45: Peitoril em granito | E45: 27.1 | F45: m | G45: 184.62 | H45: =E45*G45 -> 5003.202 | I45: =H45*1.22 -> 6103.9064
A46: 4.6 | B46: SINAPI | C46: 96116 | D46: Forro em PVC, c/ estrutura | E46: 216.07 | F46: m² | G46: 69.17 | H46: =E46*G46 -> 14945.562 | I46: =H46*1.22 -> 18233.586
D47: Total ítem 4 | H47: =SUM(H41:H46) -> 69778.727 | I47: =SUM(I41:I46) -> 85130.047 | J47: =I47/$I$228 -> 0.022548032
I48: =H48*1.25 -> 0
A49: 5. | D49: Esquadrias | I49: =H49*1.25 -> 0
D50: Janelas
A51: 5.1 | B51: SINAPI | C51: 94569 | D51: Janelas Basculante | E51: 15.78 | F51: m² | G51: 741.99 | H51: =E51*G51 -> 11708.602 | I51: =H51*1.22 -> 14284.495
A52: 5.2 | B52: SINAPI | C52: 94570 | D52: Janela | E52: 0.8 | F52: m² | G52: 391.35 | H52: =E52*G52 -> 313.08 | I52: =H52*1.22 -> 381.9576
D53: Portas | H53: =E53*G53 -> 0 | I53: =H53*1.22 -> 0
A54: 5.3 | B54: SINAPI | C54: 90843 | D54: Porta de Madeira de Abrir (80x210)cm | E54: 3.36 | F54: m² | G54: 1279.1 | H54: =E54*G54 -> 4297.776 | I54: =H54*1.22 -> 5243.2867
A55: 5.4 | B55: SINAPI | C55: 90825 | D55: Porta de Madeira Maciça de Abrir (80x210)cm | E55: 5.04 | F55: m² | G55: 764.13 | H55: =E55*G55 -> 3851.2152 | I55: =H55*1.22 -> 4698.4825
A56: 5.5 | B56: SINAPI | C56: 100702 | D56: Portas de Vidro de Abrir | E56: 34.57 | F56: m² | G56: 781.9 | H56: =E56*G56 -> 27030.283 | I56: =H56*1.22 -> 32976.945
A57: 5.6 | B57: SINAPI | C57: 100702 | D57: Porta de Vidro de Correr | E57: 4.83 | F57: m² | G57: 781.9 | H57: =E57*G57 -> 3776.577 | I57: =H57*1.22 -> 4607.4239
A58: 5.7 | B58: SINAPI | C58: 100701 | D58: Porta de Ferro de Correr | E58: 17.5 | F58: m² | G58: 777.43 | H58: =E58*G58 -> 13605.025 | I58: =H58*1.22 -> 16598.13
A59: 5.8 | B59: SINAPI | C59: 100701 | D59: Porta de Ferro de Abrir | E59: 3.36 | F59: m² | G59: 777.43 | H59: =E59*G59 -> 2612.1648 | I59: =H59*1.22 -> 3186.8411
A60: 5.9 | B60: SINAPI | C60: 91341 | D60: Porta de alumínio - Abrigo de Gás - 0,50x1,00 m | E60: 0.5 | F60: m² | G60: 1015.77 | H60: =E60*G60 -> 507.885 | I60: =H60*1.22 -> 619.6197
D61: Total ítem 5 | H61: =SUM(H50:H60) -> 67702.608 | I61: =SUM(I50:I60) -> 82597.182 | J61: =I61/$I$228 -> 0.021877162
A64: 6. | D64: Pintura
A65: 6.1 | B65: SINAPI | C65: 88415 | D65: Selador acrílico parede externa | E65: 1620 | F65: m² | G65: 4.71 | H65: =E65*G65 -> 7630.2 | I65: =H65*1.22 -> 9308.844
A66: 6.2 | B66: SINAPI | C66: 88485 | D66: Selador acrílico parede interna | E66: 2061.65 | F66: m² | G66: 4.37 | H66: =E66*G66 -> 9009.4105 | I66: =H66*1.22 -> 10991.481
A67: 6.3 | B67: SINAPI | C67: 88489 | D67: Tinta acrílica Parede | E67: 3681.65 | F67: m² | G67: 13.7 | H67: =E67*G67 -> 50438.605 | I67: =H67*1.22 -> 61535.098
A68: 6.4 | B68: SINAPI | C68: 88488 | D68: Tinta acrílica Teto | E68: 181.47 | F68: m² | G68: 16.59 | H68: =E68*G68 -> 3010.5873 | I68: =H68*1.22 -> 3672.9165
A69: 6.5 | B69: SINAPI | C69: 102229 | D69: Pintura portas de madeira | E69: 23.52 | F69: m² | G69: 30.77 | H69: =E69*G69 -> 723.7104 | I69: =H69*1.22 -> 882.92669
A70: 6.6 | B70: SINAPI | C70: 102193 | D70: Lixamento | E70: 23.52 | F70: m² | G70: 2.5 | H70: =E70*G70 -> 58.8 | I70: =H70*1.22 -> 71.736
A71: 6.7 | B71: SINAPI | C71: 102197 | D71: Fundo nivelador alquímico | E71: 23.52 | F71: m² | G71: 30.15 | H71: =E71*G71 -> 709.128 | I71: =H71*1.22 -> 865.13616
A72: 6.8 | B72: SINAPI | C72: 102218 | D72: Tinta esmalte | E72: 35 | F72: m² | G72: 19.91 | H72: =E72*G72 -> 696.85 | I72: =H72*1.22 -> 850.157
A73: 6.9 | B73: SINAPI | C73: 102506 | D73: Pintura do fundo da Quadra Poliesportiva com Tinta Epóxi | E73: 1045.98 | F73: m | G73: 13.46 | H73: =E73*G73 -> 14078.891 | I73: =H73*1.22 -> 17176.247
A74: 6.10 | B74: SINAPI | C74: 102506 | D74: Pintura de Demarcação de Quadra Poliesportiva com Tinta Epóxi - 5 cm | E74: 520 | F74: m | G74: 13.46 | H74: =E74*G74 -> 6999.2 | I74: =H74*1.22 -> 8539.024
D75: Total ítem 6 | H75: =SUM(H65:H73) -> 86356.182 | I75: =SUM(I65:I74) -> 113893.57 | J75: =I75/$I$228 -> 0.030166502
I76: =H76*1.25 -> 0
A77: 7. | D77: Pavimentação | I77: =H77*1.25 -> 0
A78: 7.1 | B78: SINAPI | C78: 87690 | D78: Contrapiso de concreto não estrutural esp=5cm | E78: 1385.12 | F78: m² | G78: 61.25 | H78: =E78*G78 -> 84838.6 | I78: =H78*1.22 -> 103503.09
A79: 7.2 | B79: SINAPI | C79: 101750 | D79: Cimentado base para pavimentação | E79: 1339.71 | F79: m² | G79: 64.63 | H79: =E79*G79 -> 86585.457 | I79: =H79*1.22 -> 105634.26
A80: 7.3 | B80: SINAPI | C80: 87263 | D80: Piso porcelanato dimensões (60x60)cm | E80: 161.02 | F80: m² | G80: 106.1 | H80: =E80*G80 -> 17084.222 | I80: =H80*1.22 -> 20842.751
A81: 7.4 | B81: SINAPI | C81: 88650 | D81: Rodapé cerâmico h=7 cm | E81: 75.28 | F81: m | G81: 11.42 | H81: =E81*G81 -> 859.6976 | I81: =H81*1.22 -> 1048.8311
A82: 7.5 | B82: SINAPI | C82: 92398 | D82: Concreto intertravado ( paver) | E82: 103 | F82: m² | G82: 84.61 | H82: =E82*G82 -> 8714.83 | I82: =H82*1.22 -> 10632.093
A83: 7.6 | B83: SINAPI | C83: 104658 | D83: Piso tátil | E83: 14 | F83: m | G83: 150.24 | H83: =E83*G83 -> 2103.36 | I83: =H83*1.22 -> 2566.0992
A84: 7.7 | B84: SINAPI | C84: 97097 | D84: Acabamento Polido do Piso de Concreto | E84: 1193.32 | F84: m² | G84: 33.76 | H84: =E84*G84 -> 40286.483 | I84: =H84*1.22 -> 49149.51
A85: 7.8 | B85: SINAPI | C85: 101094 | D85: Piso tátil - Interior | E85: 5 | F85: m | G85: 155.58 | H85: =E85*G85 -> 777.9 | I85: =H85*1.22 -> 949.038
A86: 7.9 | B86: SINAPI | C86: 92883 | D86: armadura quadra - malha dupla - aço 8 mm - cada 50 cm | E86: 3607.74 | F86: kg | G86: 12.66 | H86: =E86*G86 -> 45673.988 | I86: =H86*1.22 -> 55722.266
A87: 7.10 | B87: SINAPI | C87: 7155 | D87: Tela de aço soldada nervurada | E87: 272.61 | F87: m² | G87: 18.28 | H87: =E87*G87 -> 4983.3108 | I87: =H87*1.22 -> 6079.6392
D88: Total ítem 7 | H88: =SUM(H78:H85) -> 241250.55 | I88: =SUM(I78:I87) -> 356127.58 | J88: =I88/$I$228 -> 0.094325988
A90: 8. | D90: Instalações Elétrica
A91: 8.1 | B91: ORÇAMENTO | C91: MÉDIA | D91: Ramal de Entrada - Com ligação na Celesc e Engenheiro Eletricista | E91: 1 | F91: un | G91: 2500 | H91: =E91*G91 -> 2500 | I91: =H91*1.22 -> 3050
A92: 8.2 | B92: SINAPI | C92: 7528 | D92: Conjunto Tomada Simples | E92: 70 | F92: un | G92: 9.9 | H92: =E92*G92 -> 693 | I92: =H92*1.22 -> 845.46
A93: 8.3 | B93: SINAPI | C93: 38062 | D93: Conjunto Tomada e interruptor 1 Tecla | E93: 3 | F93: un | G93: 7.6 | H93: =E93*G93 -> 22.8 | I93: =H93*1.22 -> 27.816
A94: 8.4 | B94: SINAPI | C94: 7528 | D94: Conjunto Tomada e interruptor 2 Teclas | E94: 3 | F94: un | G94: 9.9 | H94: =E94*G94 -> 29.7 | I94: =H94*1.22 -> 36.234
A95: 8.5 | B95: SINAPI | C95: 38062 | D95: Conjunto Interruptor 1 Tecla | E95: 5 | F95: un | G95: 7.6 | H95: =E95*G95 -> 38 | I95: =H95*1.22 -> 46.36
A96: 8.6 | B96: SINAPI | C96: 38068 | D96: Conjunto Interruptor 2 Teclas | E96: 2 | F96: un | G96: 15.6 | H96: =E96*G96 -> 31.2 | I96: =H96*1.22 -> 38.064
A97: 8.7 | B97: SINAPI | C97: 42243 | D97: Conjunto Luminária Led 150 W | E97: 28 | F97: un | G97: 326.88 | H97: =E97*G97 -> 9152.64 | I97: =H97*1.22 -> 11166.221
A98: 8.8 | B98: SINAPI | C98: 39391 | D98: Conjunto Luminária Fluorescente 40 W | E98: 36 | F98: un | G98: 30.21 | H98: =E98*G98 -> 1087.56 | I98: =H98*1.22 -> 1326.8232
A99: 8.9 | B99: SINAPI | C99: 97236 | D99: Eletrocalha 50x50 | E99: 490 | F99: m | G99: 49.35 | H99: =E99*G99 -> 24181.5 | I99: =H99*1.22 -> 29501.43
A100: 8.10 | B100: SINAPI | C100: 41549 | D100: Eletrocalha 100x100 | E100: 78 | F100: m | G100: 13.84 | H100: =E100*G100 -> 1079.52 | I100: =H100*1.22 -> 1317.0144
A101: 8.11 | B101: SINAPI | C101: 1014 | D101: Fio # 2,5 mm² | E101: 3000 | F101: m | G101: 2.45 | H101: =E101*G101 -> 7350 | I101: =H101*1.22 -> 8967
A102: 8.12 | B102: SINAPI | C102: 981 | D102: Fio # 4,0 mm² | E102: 30 | F102: m | G102: 4.07 | H102: =E102*G102 -> 122.1 | I102: =H102*1.22 -> 148.962
... A112: 8.22 | B112: SINAPI | C112: 101891 | D112: Disjuntor Unipolar 70A | E112: 1 | F112: un | G112: 29.34 | H112: =E112*G112 -> 29.34 | I112: =H112*1.22 -> 35.7948
A113: 8.23 | B113: SINAPI | C113: 20111 | D113: Fita isolante PVC preta 20 metros | E113: 7 | F113: un | G113: 10.1 | H113: =E113*G113 -> 70.7 | I113: =H113*1.22 -> 86.254
A114: 8.24 | B114: SINAPI | C114: 41627 | D114: Caixa de inspeção concreto 30cm c/tampa | E114: 4 | F114: un | G114: 182.27 | H114: =E114*G114 -> 729.08 | I114: =H114*1.22 -> 889.4776
A115: 8.25 | B115: SINAPI | C115: 1872 | D115: Caixa de embutir 2x4" PVC | E115: 83 | F115: un | G115: 2.14 | H115: =E115*G115 -> 177.62 | I115: =H115*1.22 -> 216.6964
A116: 8.26 | B116: SINAPI | C116: 39762 | D116: Quadro p/36 DJ embutir c/barramento | E116: 2 | F116: un | G116: 552.33 | H116: =E116*G116 -> 1104.66 | I116: =H116*1.22 -> 1347.6852
...

Sheet Cronograma
A1: =Orçamento!A1 -> PREFEITURA MUNICIPAL DE ASCURRA
A2: =Orçamento!A3 -> Obra: Construção Ginásio | J2: =Orçamento!A5 -> Data: JANEIRO/2026
A3: =Orçamento!A4 -> Área: 1.670,93 m² + 124,88 (Marquise - Área Não Computável Prefeitura)
A4: CRONOGRAMA FÍSICO - FINANCEIRO
A6: =[1]QUANTITATIVO!A8 -> Item | C6: =[1]QUANTITATIVO!C8 -> Discriminação | D6: =[1]QUANTITATIVO!K9 -> Total | E6: 1º Mês | G6: 2º Mês | I6: 3º Mês | K6: 4º Mês | M6: 5º Mês | O6: 6º Mês | Q6: 7º Mês | S6: 8º Mês | U6: 9º Mês | W6: 10º Mês | Y6: 11º Mês | AA6: 12º Mês
E7: % | F7: R$ | G7: % | H7: R$ | I7: % | J7: R$ | K7: % | L7: R$ | M7: % | N7: R$ | O7: % | P7: R$ | Q7: % | R7: R$ | S7: % | T7: R$ | U7: % | V7: R$ | W7: % | X7: R$ | Y7: % | Z7: R$ | AA7: % | AB7: R$
A8: 1 | C8: =Orçamento!D8 -> Serviços Iniciais | D8: =Orçamento!I14 -> 122197.54 | E8: 1 | F8: =IF(E8,$D8*E8, ) -> 122197.54
A9: 2 | C9: =Orçamento!D16 -> Infraestrutura | D9: =Orçamento!I31 -> 2554042.7 | G9: 0.2 | H9: =IF(G9,$D9*G9, ) -> 510808.55 | I9: 0.2 | J9: =IF(I9,$D9*I9, ) -> 510808.55 | K9: 0.3 | L9: =IF(K9,$D9*K9, ) -> 766212.82 | M9: 0.3 | N9: =IF(M9,$D9*M9, ) -> 766212.82
A10: 3 | C10: =Orçamento!D33 -> Paredes Interna e Paíneis | D10: =Orçamento!I38 -> 218857.46 | O10: 0.5 | P10: =IF(O10,$D10*O10, ) -> 109428.73 | Q10: 0.5 | R10: =IF(Q10,$D10*Q10, ) -> 109428.73
A11: 4 | C11: =Orçamento!D40 -> Revestimentos Interno e Externo | D11: =Orçamento!I47 -> 85130.047 | O11: 0.5 | P11: =IF(O11,$D11*O11, ) -> 42565.024 | Q11: 0.5 | R11: =IF(Q11,$D11*Q11, ) -> 42565.024
A12: 5 | C12: =Orçamento!D49 -> Esquadrias | D12: =Orçamento!I61 -> 82597.182 | Q12: 0.5 | R12: =IF(Q12,$D12*Q12, ) -> 41298.591 | S12: 0.5 | T12: =IF(S12,$D12*S12, ) -> 41298.591
A13: 6 | C13: =Orçamento!D64 -> Pintura | D13: =Orçamento!I75 -> 113893.57 | U13: 1 | V13: =IF(U13,$D13*U13, ) -> 113893.57
A14: 7 | C14: =Orçamento!D77 -> Pavimentação | D14: =Orçamento!I88 -> 356127.58 | S14: 0.5 | T14: =IF(S14,$D14*S14, ) -> 178063.79 | U14: 0.5 | V14: =IF(U14,$D14*U14, ) -> 178063.79
A15: 8 | C15: =Orçamento!D90 -> Instalações Elétrica | D15: =Orçamento!I121 -> 86159.56 | Y15: 1 | Z15: =IF(Y15,$D15*Y15, ) -> 86159.56
A16: 9 | C16: =Orçamento!D123 -> Instalações Hidraulicas | D16: =Orçamento!I172 -> 41684.628 | W16: 1 | X16: =IF(W16,$D16*W16, ) -> 41684.628
A17: 10 | C17: =Orçamento!D174 -> Instalações Sanitárias | D17: =Orçamento!I200 -> 24739.391 | Q17: 0.5 | R17: =IF(Q17,$D17*Q17, ) -> 12369.696 | S17: 0.5 | T17: =IF(S17,$D17*S17, ) -> 12369.696
A18: 11 | C18: =Orçamento!D202 -> Instalações Preventivas de incêndio | D18: =Orçamento!I220 -> 65386.253 | U18: 0.5 | V18: =IF(U18,$D18*U18, ) -> 32693.126 | W18: 0.5 | X18: =IF(W18,$D18*W18, ) -> 32693.126
A19: 12 | C19: =Orçamento!D222 -> Complementação da obra | D19: =Orçamento!I227 -> 24682.011 | AA19: 1 | AB19: =IF(AA19,$D19*AA19, ) -> 24682.011
A20: TOTAL - MÊS | D20: =SUM(D8:D19) -> 3775498 | E20: =F20/$D20 -> 0.03236594 | F20: =SUM(F8:F19) -> 122197.54 | G20: =H20/$D20 -> 0.13529568 | H20: =SUM(H8:H19) -> 510808.55 | I20: =J20/$D20 -> 0.13529568 | J20: =SUM(J8:J19) -> 510808.55 | K20: =L20/$D20 -> 0.20294351 | L20: =SUM(L8:L19) -> 766212.82 | M20: =N20/$D20 -> 0.20294351 | N20: =SUM(N8:N19) -> 766212.82 | O20: =P20/$D20 -> 0.040257935 | P20: =SUM(P8:P19) -> 151993.75 | Q20: =R20/$D20 -> 0.054472825 | R20: =SUM(R8:R19) -> 205662.04 | S20: =T20/$D20 -> 0.061377884 | T20: =SUM(T8:T19) -> 231732.07 | U20: =V20/$D20 -> 0.085988784 | V20: =SUM(V8:V19) -> 324650.48 | W20: =X20/$D20 -> 0.019700118 | X20: =SUM(X8:X19) -> 74377.755 | Y20: =Z20/$D20 -> 0.022820714 | Z20: =SUM(Z8:Z19) -> 86159.56 | AA20: =AB20/$D20 -> 0.0065374187 | AB20: =SUM(AB8:AB19) -> 24682.011
A21: TOTAL - ACUMULADO | D21: =D20 -> 3775498 | E21: =F21/D21 -> 0.03236594 | F21: =F20 -> 122197.54 | G21: =H21/D21 -> 0.16766162 | H21: =F21+H20 -> 633006.09 | I21: =J21/D21 -> 0.30295729 | J21: =H21+J20 -> 1143814.6 | K21: =L21/D21 -> 0.50590081 | L21: =J21+L20 -> 1910027.5 | M21: =N21/D21 -> 0.70884432 | N21: =L21+N20 -> 2676240.3 | O21: =P21/D21 -> 0.74910226 | P21: =N21+P20 -> 2828234 | Q21: =R21/D21 -> 0.80357508 | R21: =P21+R20 -> 3033896.1 | S21: =T21/D21 -> 0.86495296 | T21: =R21+T20 -> 3265628.2 | U21: =V21/D21 -> 0.95094175 | V21: =T21+V20 -> 3590278.6 | W21: =X21/D21 -> 0.97064187 | X21: =V21+X20 -> 3664656.4 | Y21: =Z21/D21 -> 0.99346258 | Z21: =X21+Z20 -> 3750815.9 | AA21: =AB21/D21 -> 1 | AB21: =Z21+AB20 -> 3775498
